 Dungeon Crawl Stone Soup version 0.26-a0-695-g987792ac36 (webtiles) character file.

Game seed: 264525205097835901

37 jestyr24 the Conjurer (level 3, 26/26 HPs)
             Began as a Draconian Conjurer on Oct 25, 2020.
             Quit the game on level 2 of the Dungeon on Oct 26, 2020.
             The game lasted 00:07:19 (1522 turns).

jestyr24 the Conjurer (Draconian Conjurer)          Turns: 1522, Time: 00:07:20

Health: 26/26      AC:  5    Str: 10    XL:     3   Next: 21%
Magic:  2/6        EV: 12    Int: 18    God:
Gold:   106        SH:  0    Dex:  9    Spells: 3/6 levels left

rFire    . . .     SeeInvis .   g - +1 dagger (vamp)
rCold    . . .     Faith    .   (no shield)
rNeg     . . .     Spirit   .   (armour unavailable)
rPois    .         Reflect  .   (helmet restricted)
rElec    .         Harm     .   (no cloak)
rCorr    .         Rampage  .   (no gloves)
MR       +....                  (no boots)
Stlth    ++........             (no amulet)
HPRegen  0.08/turn              c - ring of protection from magic
MPRegen  0.10/turn              (no ring)

@: no status effects
A: unfitting armour, cold-blooded, AC +5
a: no special abilities


You were on level 2 of the Dungeon.
You visited 1 branch of the dungeon, and saw 2 of its levels.

You collected 106 gold pieces.

Inventory:

Hand Weapons
 b - a +0 spear
 d - a +0 short sword
 e - a +0 dagger of flaming
 g - a +1 vampiric dagger (weapon)
Missiles
 h - 76 stones (quivered)
 i - 18 sling bullets
 k - 2 throwing nets
Jewellery
 c - a ring of protection from magic (left hand)
Scrolls
 a - 3 scrolls of identify {unknown}
 f - a scroll of amnesia {unknown}
 j - a scroll of enchant armour {unknown}
 l - a scroll of immolation {unknown}


   Skills:
 + Level 1.9 Dodging
 * Level 2.2 Stealth
 * Level 2.0 Spellcasting
 * Level 4.7 Conjurations


You had 3 spell levels left.
You knew the following spells:

 Your Spells              Type           Power        Failure   Level
a - Magic Dart            Conj           ###.         2%          1
b - Searing Ray           Conj           ###...       3%          2

Your spell library contained the following spells:

 Spells                   Type           Power        Failure   Level
 Dazzling Flash           Conj/Hex       ##....       21%         3
 Fulminant Prism          Conj/Hex       ##........   56%         4
 Iskenderun's Mystic Bla  Conj/Tloc      ##......     56%         4


Dungeon Overview and Level Annotations

Branches:
Dungeon (2/15)

Altars:


Innate Abilities, Weirdness & Mutations

Your plain brown scales are hard. (AC +5)
You cannot fit into any form of body armour.
You are cold-blooded and may be slowed by cold attacks.


Message History

You kill the worm!
You start resting.
Magic restored.
An adder comes into view.
Casting: Searing Ray (safe; 4% risk of failure)
Confirm with . or Enter, or press ? or * to list all spells.
Aiming: Searing Ray (safe; 4% risk of failure)
Press: ? - help, Shift-Dir - straight line, f - adder
Aim: an adder (asleep)
The searing ray hits the adder!
The adder is almost dead.
The adder hisses angrily. (Press . to maintain the ray.)
The searing ray hits the adder!
You kill the adder!
You have reached level 3!
Your experience leads to an increase in your attributes!
Increase (S)trength, (I)ntelligence, or (D)exterity?
You feel stronger.
Your scales feel tougher.
Are you sure you want to abandon this character and quit the game? (Confirm with "yes".)

.#..†..†#...#
.#.##...######
##
...[#.<........
.#
.#(...#########
.# .##...[..#
.# .......#.#
.# #....###.#
.# ######
#.########†#
#........@.#
#.########.#
### ##


There were no monsters in sight!

Vanquished Creatures
  An adder (D:2)
  A worm (D:2)
  A leopard gecko (D:1)
  4 bats
  3 goblins (D:1)
  A hobgoblin (D:1)
  2 jackals (D:1)
  3 kobolds (D:1)
  5 frilled lizards
  4 rats
25 creatures vanquished.

Notes
Turn   | Place    | Note
-------+----------+-------------------------------------------
     0 | D:1      | jestyr24 the Draconian Conjurer began the quest for the
                  | Orb.
     0 | D:1      | Reached XP level 1. HP: 14/14 MP: 3/3
   713 | D:1      | Reached XP level 2. HP: 20/20 MP: 1/5
   717 | D:1      | Learned a level 2 spell: Searing Ray
  1521 | D:2      | Reached XP level 3. HP: 26/26 MP: 3/6
  1522 | D:2      | Quit the game

Illustrated notes

Levels and vault maps discovered:
D:1:      elethiomel_arrival_maze, layout_basic
D:2:      layout_basic, gammafunk_temple_overflow_forgotten, minmay_tromino_v2,
          uniq_natasha

Skill      XL: |  1  2 |
---------------+-------+-----
Stealth        | 2 |  2.2
Dodging        | |  1.9
Spellcasting   | |  2.0
Conjurations   | |  4.7

Action                   || total
-------------------------++-------
Melee: Dagger            ||     5
       Spear             ||     2
 Cast: Magic Dart        ||    33
       Searing Ray       ||     2
 Stab: Sleeping          ||     3
Armor: Skin              ||     4
Dodge: Dodged            ||     4

Table legend: (Time is in decaauts)
 A = Elapsed time spent in this place.
 B = Non-inter-level travel time spent in this place.
 C = Inter-level travel time spent in this place.
 D = Time resting spent in this place.
 E = Time spent auto-exploring this place.
 F = Levels seen in this place.
 G = Mean time per level.
                   A        B        C        D        E       F      G
               +--------+--------+--------+--------+--------+-----+--------+
         Total |   1519 |   1496 |     23 |    452 |    838 |   2 |  759.5 |
       Dungeon |   1519 |   1496 |     23 |    452 |    838 |   2 |  759.5 |
               +--------+--------+--------+--------+--------+-----+--------+

Top non-repeatable levels by time:
     D:1: 1379 daAuts
     D:2: 139 daAuts
